 Dungeon Crawl Stone Soup version 0.31-a0-202-g547052bce9 (webtiles) character file.

Game seed: 17506439410334889250

326 qw the Skirmisher (level 6, 0/31 (35) HPs)
             Began as a Deep Elf Hunter on June 26, 2023.
             Slain by a wight
             ... wielding a +3 dagger of freezing
              (2 damage)
             ... on level 4 of the Dungeon.
             The game lasted 00:01:14 (3301 turns).

qw the Skirmisher (Deep Elf Hunter)                 Turns: 3301, Time: 00:01:14

HP:   0/31 (35)     AC: 10    Str: 10    XL:     6   Next: 24%
MP:   8/8           EV:  9    Int: 14    God:
Gold: 163           SH:  5    Dex: 18    Spells: 5/5 levels left

rFire   + . .        g - +0 shortbow
rCold   . . .        (shield currently unavailable)
rNeg    . . .        j - +0 scale mail
rPois   .            d - +2 hat
rElec   .            b - +1 cloak
rCorr   .            (no gloves)
SInv    +            (no boots)
Will    .....        k - amulet of reflection
Stlth   +            e - ring of see invisible
HPRegen 0.25/turn    h - ring of protection from fire
MPRegen 0.11/turn

%: reflection
@: heavily drained
A: no striking features
a: no special abilities


You were on level 4 of the Dungeon.
You visited 1 branch of the dungeon, and saw 4 of its levels.

You collected 163 gold pieces.


   Skills:
 - Level 2.2 Fighting
 + Level 9.4 Ranged Weapons
 - Level 1.0 Armour
 - Level 2.4 Dodging
 - Level 1.2 Stealth


You had 5 spell levels left.
You didn't know any spells.
Your spell library was empty.

Inventory:

Hand Weapons
 g - a +0 shortbow (weapon)
Armour
 b - a +1 cloak (worn)
 d - a +2 hat (worn)
 j - a +0 scale mail (worn)
Jewellery
 e - a ring of see invisible (left hand)
 h - a ring of protection from fire (right hand)
 k - an amulet of reflection (around neck)
 l - a ring of ice
 Y - a ring of protection from cold
Scrolls
 a - 2 scrolls of identify
 c - a scroll of enchant weapon {unknown}
 m - a scroll of teleportation {unknown}
 n - a scroll of silence {unknown}
Potions
 f - 2 potions of resistance {unknown}
 i - a potion of lignification {unknown}

Dungeon Overview and Level Annotations

Branches:
Dungeon (4/15)
 Temple: D:4-7

Altars:
Elyvilon
Wu Jian
Zin

Shops:
D:2 [


Message History

Enter note:
Enter note:
Enter note: You shoot an arrow.
The arrow hits the wight.
The wight is moderately damaged.
You shoot an arrow. The arrow hits the wight.
The wight is moderately damaged.
You shoot an arrow. The arrow hits the wight.
The wight is heavily damaged.
You shoot an arrow. The arrow hits the wight.
The wight is severely damaged.
The wight hits you with a +0 mace.
You shoot an arrow. The arrow hits the wight!
You destroy the wight!
Your Fighting skill increases to level 2!
You shoot an arrow. The arrow barely misses the wight.
The arrow hits the wight.
The wight is moderately damaged.
The wight hits you with a +3 dagger of freezing.
You feel drained. The wight freezes you.
You shoot an arrow. The arrow hits the wight.
The wight is lightly damaged.
The wight barely misses you.
The wight hits you with a +3 dagger of freezing.
You feel drained. The wight freezes you.
You shoot an arrow.
The arrow hits the wight but does no damage.
The wight is moderately damaged.
The wight hits you with a +3 dagger of freezing.
You feel drained. The wight freezes you. The wight hits you with a +4 mace.
You shoot an arrow. The arrow closely misses the wight.
The wight hits you but does no damage. The wight hits you with a +4 mace.
You shoot an arrow. The arrow hits the wight.
The wight is moderately damaged.
The wight hits you with a +3 dagger of freezing.
The wight freezes you. The wight hits you with a +4 mace.
You shoot an arrow. The arrow hits the wight.
The wight is heavily damaged.
The wight hits you with a +3 dagger of freezing.
You feel drained. The wight freezes you.
You die...

#..## ~....
#...#.~.##### #..
..~.#.... #
#.###.~.#._.# #
#..#..~.....# #
#.#...~.##### #
########.#.#.~......
#
#.......^#.#z~~~~.~~
#
#.########.#@z.w.s..
#####.# #..##..####
......# #..# ....
####..# #..# .... #
#..# #..# ##.
####..# #..# ......#
#..# .###.## #..#
.....# #..#


You could see a worm, a scorpion and 2 wights.

Vanquished Creatures
  A scorpion (D:4)
  A wight (D:4)
  Natasha (twice) (D:3)
  An iguana (D:4)
  3 adders (D:3)
  A white imp (D:4)
  A worm (D:2)
  A dart slug (D:1)
  3 orcs (D:3)
  7 ball pythons
  6 bats
  4 endoplasms
  2 giant cockroaches
  9 goblins
  12 hobgoblins
  11 jackals
  4 quokkas
  5 frilled lizards
  6 kobolds
  9 rats
89 creatures vanquished.

Notes
Turn   | Place    | Note
-------+----------+-------------------------------------------
     0 | D:1      | qw the Deep Elf Hunter began the quest for the Orb.
     0 | D:1      | Reached XP level 1. HP: 12/12 MP: 3/3
     0 | D:1      | 0 ||| qw: Version: 0.3-a-22-g0ed2b0b
     0 | D:1      | 0 ||| qw: Game counter: 6346
     0 | D:1      | 0 ||| qw: Melee chars always use a shield: true
     0 | D:1      | 0 ||| qw: God list: Okawaru
     0 | D:1      | 0 ||| qw: Allow faded altars: false
     0 | D:1      | 0 ||| qw: Do Orc after clearing Dungeon:15 true
     0 | D:1      | 0 ||| qw: Do second Lair branch before Depths: true
     0 | D:1      | 0 ||| qw: Lair rune preference: random
     0 | D:1      | 0 ||| qw: Goals: Normal
     0 | D:1      | 0 ||| PLANNING D:1-11
   125 | D:1      | Found a faded altar of an unknown god.
   162 | D:1      | Reached XP level 2. HP: 16/16 MP: 4/4
   179 | D:1      | Reached skill level 6 in Ranged Weapons
   608 | D:1      | Reached XP level 3. HP: 20/20 MP: 5/5
   609 | D:1      | 609 ||| FLEEEEING.
   778 | D:1      | 778 ||| UPGRADING to +2 hat.
   783 | D:1      | 783 ||| UPGRADING to ring of protection from cold.
   784 | D:1      | 784 ||| UPGRADING to ring of protection from fire.
   785 | D:1      | 785 ||| READING scroll labelled OGHECZIDUR.
   786 | D:1      | 786 ||| DROPPING scroll of butterflies.
   889 | D:2      | Found Rocourusm's Armour Shop.
   896 | D:2      | Reached skill level 7 in Ranged Weapons
   904 | D:2      | 904 ||| SHOPLISTING +0 pair of gloves (54 gold, have 26).
   904 | D:2      | 904 ||| SHOPLISTING +0 ring mail (48 gold, have 26).
  1057 | D:2      | Identified the +0 robe of Impermeability {Str+2}
  1648 | D:2      | 1648 ||| UPGRADING to +1 cloak.
  1653 | D:2      | 1653 ||| DROPPING +0 robe of Impermeability {Str+2}.
  1654 | D:2      | 1654 ||| READING 3 scrolls labelled SUIRCHE NUTAE.
  1655 | D:2      | 1655 ||| READING scroll labelled PIPAPRIY YRAVI.
  1656 | D:2      | 1656 ||| READING scroll labelled QYTHRA JORRIEC.
  1657 | D:2      | 1657 ||| DROPPING 2 scrolls of immolation.
  1678 | D:3      | Reached XP level 4. HP: 23/25 MP: 6/6
  2029 | D:3      | Reached skill level 8 in Ranged Weapons
  2169 | D:3      | Found an ornate altar of the Wu Jian Council.
  2358 | D:3      | Noticed Natasha
  2364 | D:3      | Killed Natasha
  2365 | D:3      | Reached XP level 5. HP: 23/29 MP: 7/7
  2567 | D:3      | Noticed Natasha
  2573 | D:3      | Killed Natasha
  2675 | D:3      | 2675 ||| UPGRADING to +0 scale mail.
  2685 | D:3      | 2685 ||| DROPPING +0 leather armour.
  2686 | D:3      | 2686 ||| UPGRADING to amulet of reflection.
  2691 | D:3      | 2691 ||| READING scroll labelled ZESKEI JYEMAB.
  2748 | D:4      | Found a glowing silver altar of Zin.
  2843 | D:4      | Reached skill level 9 in Ranged Weapons
  2983 | D:4      | HP: 7/29 [iguana (5)]
  2986 | D:4      | HP: 1/29 [iguana (6)]
  3146 | D:4      | Reached skill level 1 in Armour
  3146 | D:4      | Reached XP level 6. HP: 22/34 MP: 8/8
  3253 | D:4      | Found a white marble altar of Elyvilon.
  3288 | D:4      | 3288 ||| UPGRADING to ring of see invisible.
  3300 | D:4      | HP: 6/32 [wight/+4 mace (5)]
  3301 | D:4      | HP: 2/31 [wight/+3 dagger of freezing (1)]
  3301 | D:4      | Slain by a wight

Levels and vault maps discovered:
D:1:      minmay_arrival_four_circles, layout_basic,
          hellmonk_ecumenical_altar_run_dry
D:2:      layout_basic, serial_shops, nicolae_shop_peninsula
D:3:      layout_loops_corners, nzn_wu_jian_contemplation, minmay_pentangle,
          uniq_natasha
D:4:      layout_loops_ring, pdpol_temple_overflow_zin_treasury_gozag_greed,
          mainiacjoe_overflow_brackets, nicolae_ashenzari_skybound, sigmund_army

Skill      XL: |  1  2  3  4  5  6 |
---------------+-------------------+-----
Ranged Weapons | 6 7 8 9 |  9.4
Armour         | 1 |  1.0
Fighting       | 2 |  2.2
Dodging        | |  2.4
Stealth        | |  1.2

Action                     |  1- 3 |  4- 6 || total
---------------------------+-------+-------++-------
   Fire: Shortbow          |   136 |   158 ||   294
    Use: Scroll            |     4 |     1 ||     5
 Armour: Leather armour    |    14 |    12 ||    26
         Scale mail        |       |     9 ||     9
  Dodge: Dodged            |    23 |    27 ||    50
  Block: Other             |       |     7 ||     7

Table legend:
 A = Non-vault XP
 B = Vault XP
 C = Vault XP percentage of total XP
 D = Non-vault monster count
 E = Vault monster count
 F = Vault count percentage of total count
                 A         B        C        D         E       F
            +---------+---------+-------+---------+---------+-------
      Total |     403 |      63 |  13.5 |      80 |       9 |  10.1
            +---------+---------+-------+---------+---------+-------
        D:1 |      55 |       0 |   0.0 |      31 |       0 |   0.0
        D:2 |      35 |       0 |   0.0 |      18 |       0 |   0.0
        D:3 |      92 |      63 |  40.6 |      19 |       9 |  32.1
        D:4 |     221 |       0 |   0.0 |      12 |       0 |   0.0
            +---------+---------+-------+---------+---------+-------
